 Seeded DCSS version 0.29-a0-923-g6e406bff71 (webtiles) character file.

Game seed: 20220727 (custom seed)

9 flotson the Sneak (level 2, 0/24 HPs)
             Began as a Demonspawn Delver on July 27, 2022.
             Slain by an iguana (2 damage)
             ... on level 5 of the Dungeon.
             The game lasted 00:00:36 (53 turns).

flotson the Sneak (Demonspawn Delver)                 Turns: 53, Time: 00:00:37

Health: 0/24       AC:  3    Str: 12    XL:     2   Next: 3%
Magic:  2/2        EV: 11    Int: 11    God:
Gold:   0          SH:  0    Dex: 14    Spells: 1/1 levels left

rFire   . . .      SeeInvis .   a - +0 spear
rCold   . . .      Faith    .   (no shield)
rNeg    . . .      Spirit   .   b - +0 leather armour
rPois   .          Reflect  .   (no helmet)
rElec   .          Harm     .   (no cloak)
rCorr   .          Rampage  .   (no gloves)
Will    .....                   (no boots)
Stlth   ++........              (no amulet)
HPRegen 0.08/turn               (no ring)
MPRegen 0.08/turn               (no ring)

@: hasted, very quick
A: spiny 1
a: no special abilities


You were on level 5 of the Dungeon.
You visited 1 branch of the dungeon, and saw 1 of its levels.

Inventory:

Hand Weapons
 a - a +0 spear (weapon)
Armour
 b - a +0 leather armour (worn)
Wands
 g - a wand of digging (3)
Scrolls
 c - a scroll of fog
Potions
 h - a potion of curing {unknown}


   Skills:
 + Level 3.1 Fighting
 + Level 0.4(1.2) Axes
 - Level 1.7(1.8) Polearms
 + Level 0.4 Armour
 + Level 1.9 Dodging
 - Level 4.5 Stealth
 + Level 0.5 Evocations


You had one spell level left.
You didn't know any spells.
Your spell library was empty.

Dungeon Overview and Level Annotations

Branches:
Dungeon (5/15)
 Temple: D:4-7

Altars:


Innate Abilities, Weirdness & Mutations

You are partially covered in sharp spines.


Message History

You hit the adder.
You kill the adder!
You have reached level 2!
Your demonic ancestry asserts itself...
Sharp spines emerge from parts of your body.
Found a flail.
Found a scroll labelled DIOCWEAWAT.
You hit the iguana but do no damage. The iguana is struck by your spines.
The iguana bites you!
Ouch! That really hurt!
* * * LOW HITPOINT WARNING * * *
You hit the iguana but do no damage.
The iguana is lightly wounded.
The iguana bites you.
* * * LOW HITPOINT WARNING * * *
You closely miss the iguana.
The iguana is lightly wounded.
You barely miss the iguana.
The iguana is lightly wounded.
The iguana barely misses you.
You hit the iguana but do no damage.
The iguana is lightly wounded.
The iguana is struck by your spines. The iguana barely misses you.
You hit the iguana but do no damage.
The iguana is moderately wounded.
You hit the iguana but do no damage.
The iguana is moderately wounded.
The iguana closely misses you.
You closely miss the iguana.
The iguana is moderately wounded.
The iguana barely misses you.
You completely miss the iguana.
The iguana is moderately wounded.
The iguana barely misses you.
You hit the iguana but do no damage.
The iguana is moderately wounded.
You barely miss the iguana.
The iguana is moderately wounded.
The iguana bites you.
You die...

*,,,,,,,,,,,,,,,,,,,*
###***,,*,,,,,,,,,,,,,,*
#..,,,,,,,,,,,.*,***,***
#.#******,,,,.#*,* *,* #.#
**,,..#*,* *,* ####.##
*###.#.#*,***,* #######.....#
*?.)<...,,,,,,*
............#####......#,******
#######.........@......#,*
#.....#####l.....#,*
#.....#****.#...##,*
##......,,,.#*.##*,*
#.......,,##*,# *,*
##.>#####,***,***,*
#.>.,,,,,,,,,,,,,*
#..,,************* ****,*


You could see an iguana.

Vanquished Creatures
  An adder (D:5)
1 creature vanquished.

Notes
Turn   | Place    | Note
-------+----------+-------------------------------------------
     0 | D:5      | flotson the Demonspawn Delver began the quest for the Orb.
     0 | D:5      | Reached XP level 1. HP: 18/18 MP: 1/1
    25 | D:5      | Noticed an iguana
    29 | D:5      | Noticed an ogre
    40 | D:5      | Gained mutation: You are partially covered in sharp spines.
                  | [demonic ancestry]
    40 | D:5      | Reached XP level 2. HP: 19/24 MP: 2/2
    53 | D:5      | Slain by an iguana

Illustrated notes

Levels and vault maps discovered:
D:5:      layout_loops_ring, regret_index_temple_of_mockery, tso_metal_star,
          st_stairs_5, uniq_edmund

Action                   || total
-------------------------++-------
Melee: Spear             ||    15
  Use: Scroll            ||     2
       Potion            ||     1
Dodge: Dodged            ||     7

Table legend: (Time is in decaauts)
 A = Elapsed time spent in this place.
 B = Non-inter-level travel time spent in this place.
 C = Inter-level travel time spent in this place.
 D = Time resting spent in this place.
 E = Time spent auto-exploring this place.
 F = Levels seen in this place.
 G = Mean time per level.
                   A        B        C        D        E       F      G
               +--------+--------+--------+--------+--------+-----+--------+
         Total |     47 |     47 |      0 |      0 |      0 |   1 |   47.0 |
       Dungeon |     47 |     47 |      0 |      0 |      0 |   1 |   47.0 |
               +--------+--------+--------+--------+--------+-----+--------+

Top non-repeatable levels by time:
     D:5: 47 daAuts
